AoeStats
← leorssu

Arabia

510221789Analyzed
2v2 RM · 2d ago on Sep 30, 2026· 39m 2s· 4 players
Game mode
Random Map
Map size
Medium (4 player)
Population
200
Speed
Normal
Resources
Standard
Victory
Conquest
Starting age
Dark Age
Ending age
Imperial Age
RankedLock teamsTeams togetherTeam positionsShared explorationLock speedFull tech treeHidden civsTurbo modeCheats
Victory
Defeat
🇵🇪 Malay · Peru
1096
+12
🇵🇪 Romans · Peru
968
+17
🇦🇷 Spanish · Argentina
1097
-18
🇦🇷 Wu · Argentina
902
-11
leorssu
10:04 Feudal Age
8:25 Loom
10:10 Feudal Age
13:49 Man-at-Arms
15:03 Double-Bit Axe
21:58 Castle Age
20:19 Horse Collar
20:53 Forging
22:02 Long Swordsman
22:43 Squires
24:22 Iron Casting
23:49 Scale Mail Armor
26:59 Pikeman
Leandro Magno
5:47 Loom
11:54 Feudal Age
19:17 Castle Age
18:11 Horse Collar
18:19 Double-Bit Axe
18:28 Gold Mining
22:58 Heavy Plow
27:44 Forging
29:06 Stone Mining
29:35 Bow Saw
34:51 Fletching
35:26 Scale Barding Armor
37:19 Murder Holes
37:46 Ballistics
37:49 Bodkin Arrow
It's me, Mario!
9:50 Feudal Age
12:46 Loom
12:26 Man-at-Arms
14:54 Loom
19:29 Castle Age
17:21 Double-Bit Axe
18:31 Arson
19:09 Long Swordsman
20:30 Crossbowman
24:29 Squires
24:36 Pikeman
27:12 Stone Mining
27:14 Gold Mining
27:51 Forging
29:35 Bow Saw
29:58 Fletching
31:34 Bodkin Arrow
32:24 Gold Shaft Mining
32:25 Stone Shaft Mining
31:39 Horse Collar
35:55 Iron Casting
35:48 Ballistics
35:27 Murder Holes
All Might
4:29 Loom
11:55 Feudal Age
12:37 Horse Collar
12:54 Double-Bit Axe
16:55 Wheelbarrow
17:37 Man-at-Arms
20:51 Forging
22:54 Castle Age
21:32 Scale Mail Armor
22:22 Gold Mining
22:56 Long Swordsman
24:35 Iron Casting
26:16 Scale Barding Armor
28:36 Heavy Plow
31:58 Chain Barding Armor
34:26 Husbandry
34:40 Bloodlines
38:28 Bow Saw
40:50 Imperial Age
39:11 Town Watch
Connection lost

Rejoining the realm…

Still unreachable

The connection could not be restored.

Session expired

The server has moved on; the page needs a fresh start.